 Dungeon Crawl Stone Soup version 0.31-a0-799-g6bc09d010c (webtiles) character file.

Game seed: 11612180997400184918

161 Joey1 the Shield-Bearer (level 5, -8/47 HPs)
             Began as a Minotaur Fighter on Sept 19, 2023.
             Shot with an arrow by a centaur (11 damage)
             ... on level 4 of the Dungeon.
             The game lasted 00:04:40 (2763 turns).

Joey1 the Shield-Bearer (Minotaur Fighter)          Turns: 2763, Time: 00:04:40

Health: -8/47      AC:  6    Str: 23    XL:     5   Next: 18%
Magic:  4/4        EV: 10    Int:  5    God:
Gold:   54         SH:  4    Dex:  9    Spells: 4/4 levels left

rFire   . . .        a - +0 war axe
rCold   . . .        c - +0 buckler
rNeg    . . .        b - +0 scale mail
rPois   +            (helmet restricted)
rElec   .            (no cloak)
rCorr   .            (no gloves)
SInv    +            (no boots)
Will    .....        (no amulet) Stlth
                     l - ring of poison resistance
HPRegen 0.27/turn    n - ring of see invisible
MPRegen 0.09/turn

%: no passive effects
@: no status effects
A: horns 2, retaliatory headbutt
a: no special abilities


You were on level 4 of the Dungeon.
You visited 1 branch of the dungeon, and saw 4 of its levels.

You collected 54 gold pieces.

Inventory:

Hand Weapons
 a - a +0 war axe (weapon)
Armour
 b - a +0 scale mail (worn)
 c - a +0 buckler (worn)
Jewellery
 l - a ring of poison resistance (left hand)
 n - a ring of see invisible (right hand)
 p - a +6 ring of intelligence
Wands
 u - a wand of charming (8)
 w - a wand of flame (7)
Scrolls
 e - 2 scrolls of revelation {unknown}
 j - a scroll of enchant armour {unknown}
 k - a scroll of torment {unknown}
 m - 2 scrolls of fog {unknown}
 q - 4 scrolls of teleportation {unknown}
 r - a scroll of butterflies {unknown}
 s - a scroll of poison {unknown}
 v - a scroll of identify {unknown}
 x - a scroll of vulnerability {unknown}
Potions
 d - a potion of might
 f - a potion of lignification {unknown}
 g - a potion of enlightenment {unknown}
 h - 2 potions of haste {unknown}
 i - a potion of degeneration {unknown}
 o - a potion of heal wounds {unknown}
 t - a potion of curing {unknown}


   Skills:
 + Level 4.5 Fighting
 * Level 4.5 Axes
 - Level 3.6 Armour
 + Level 2.2 Dodging
 + Level 4.6 Shields


You had 4 spell levels left.
You didn't know any spells.
Your spell library contained the following spells:

 Spells                   Type           Power      Damage    Failure   Level
 Ozocubu's Armour         Ice            0%         N/A       99%         3
 Metabolic Englaciation   Hex/Ice        0%         N/A       100%        5
 Simulacrum               Ice/Necr       0%         N/A       100%        6


Dungeon Overview and Level Annotations

Branches:
Dungeon (4/15)
 Temple: D:4-7

Altars:
Ashenzari
Dithmenos
Fedhas
Hepliaklqana
Kikubaaqudgha
Makhleb
Sif Muna


Innate Abilities, Weirdness & Mutations

You have a pair of horns on your head.
You reflexively headbutt those who attack you in melee.


Message History

The centaur shoots an arrow.
The arrow hits you.
The phantom hits you but does no damage.
You barely miss the phantom. Your headbutt misses the phantom.
The phantom is lightly damaged.
The centaur shoots an arrow.
The arrow hits you.
The centaur shoots an arrow.
You block the arrow. The phantom closely misses you. You furiously retaliate!
You headbutt the phantom. You closely miss the phantom.
The phantom is moderately damaged.
You hit the orc.
The centaur shoots an arrow.
The arrow misses you.
The orc hits you with a +0 short sword of flaming.
The orc burns you. The phantom barely misses you. You furiously retaliate!
You headbutt the phantom. You closely miss the phantom.
The phantom is heavily damaged.
You slash the orc!
You kill the orc!
The centaur shoots an arrow.
The arrow hits you. The phantom barely misses you. x2
You barely miss the phantom.
The phantom is heavily damaged.
You hit the orc.
The centaur shoots an arrow.
The arrow misses you.
The centaur shoots an arrow.
The arrow closely misses you. The orc closely misses you.
The phantom misses you.
You miss the phantom.
You headbutt the phantom, but do no damage.
The phantom is heavily damaged.
You slash the orc!
You kill the orc!
The centaur shoots an arrow.
The arrow barely misses you.
The centaur shoots an arrow.
The arrow hits you.
* * * LOW HITPOINT WARNING * * *
The phantom hits you.
* * * LOW HITPOINT WARNING * * *
You barely miss the phantom.
You headbutt the phantom, but do no damage.
The phantom is heavily damaged.
The centaur shoots an arrow.
You block the arrow. The phantom hits you.
* * * LOW HITPOINT WARNING * * *
The centaur shoots an arrow.
The arrow hits you!
You die...

.........#
.........#
.........#
.........#
.........#
#.[)..###########
#..........##...#
#...............#
+..........$.)@.#
#.............)W#
#...............#
#..##..##.##c...#
#..##..##o##....#
.....'......'.....#
.....#†.....#.....#
...>.#......#....<#
#...##..##.##....#


You could see a phantom and a centaur.

Vanquished Creatures
  A jelly (D:4)
  5 adders
  A worm (D:3)
  5 dart slugs
  3 orcs (D:4)
  5 bats
  8 endoplasms
  A giant cockroach (D:3)
  7 hobgoblins
  10 kobolds
  4 quokkas
  3 ball pythons
  2 frilled lizards
  5 goblins
  6 rats
66 creatures vanquished.

Notes
Turn   | Place    | Note
-------+----------+-------------------------------------------
     0 | D:1      | Joey1 the Minotaur Fighter began the quest for the Orb.
     0 | D:1      | Reached XP level 1. HP: 19/19 MP: 0/0
   219 | D:1      | Reached XP level 2. HP: 21/27 MP: 1/1
   524 | D:1      | Reached skill level 1 in Dodging
   808 | D:1      | Reached XP level 3. HP: 33/33 MP: 2/2
  1153 | D:2      | Found a hazy altar of Hepliaklqana.
  1353 | D:2      | Reached XP level 4. HP: 40/40 MP: 3/3
  1650 | D:3      | Found a shadowy altar of Dithmenos.
  1756 | D:3      | Found a burning altar of Makhleb.
  1759 | D:3      | Found a shimmering blue altar of Sif Muna.
  1812 | D:3      | Found a broken altar of Ashenzari.
  2330 | D:3      | Found an ancient bone altar of Kikubaaqudgha.
  2330 | D:3      | Found a blossoming altar of Fedhas.
  2626 | D:4      | Reached XP level 5. HP: 33/47 MP: 4/4
  2738 | D:4      | Noticed a phantom
  2742 | D:4      | Noticed a centaur
  2763 | D:4      | Shot with an arrow by a centaur

Illustrated notes

Levels and vault maps discovered:
D:1:      heliophobic_arrival_dark_side_of_the_moon, layout_loops_corners
D:2:      layout_basic, basic_altar
D:3:      layout_loops_corners, grunt_temple_overflow_growth_and_decay,
          nicolae_overflow_squiral, lemuel_doored_altar,
          ashenzari_conservatory_becter, chequers_serial_rivers_micro_d
D:4:      layout_gridville, grunt_temple_overflow_order_and_chaos_1,
          serial_shops, shop, minmay_circle_x

Skill      XL: |  1  2  3  4 |
---------------+-------------+-----
Axes           | 3 4 |  4.5
Dodging        | 1 2 |  2.2
Shields        | 4 |  4.6
Fighting       | 4 |  4.5
Armour         | |  3.6

Action                     |  1- 3 |  4- 6 || total
---------------------------+-------+-------++-------
  Melee: War axe           |    84 |    68 ||   152
         Headbutt          |    10 |    14 ||    24
 Armour: Scale mail        |    57 |    55 ||   112
  Dodge: Dodged            |    33 |    43 ||    76
  Block: Buckler           |    16 |    14 ||    30

Table legend: (Time is in decaauts)
 A = Elapsed time spent in this place.
 B = Non-inter-level travel time spent in this place.
 C = Inter-level travel time spent in this place.
 D = Time resting spent in this place.
 E = Time spent auto-exploring this place.
 F = Levels seen in this place.
 G = Mean time per level.
                   A        B        C        D        E       F      G
               +--------+--------+--------+--------+--------+-----+--------+
         Total |   2814 |   2785 |     29 |      0 |   2327 |   4 |  703.5 |
       Dungeon |   2814 |   2785 |     29 |      0 |   2327 |   4 |  703.5 |
               +--------+--------+--------+--------+--------+-----+--------+

Top non-repeatable levels by time:
     D:1: 1040 daAuts
     D:3: 1027 daAuts
     D:2: 590 daAuts
     D:4: 156 daAuts
